 Dungeon Sprint DCSS version 0.31-b1-19-g70c676f13a (webtiles) character file.

Game seed: 5287300787261022836

6166 Groucho the Unseen (level 10, 51/51 HPs)
             Began as a Spriggan Enchanter on Jan 18, 2024.
             Was an Elder of Dithmenos.
             Got out of the dungeon alive.
             The game lasted 00:10:18 (836 turns).

Groucho the Unseen (Spriggan Enchanter)              Turns: 836, Time: 00:10:19

Health: 51/51      AC:  2    Str:  4    XL:     10   Next: 60%
Magic:  18/18      EV: 19    Int: 22    God:    Dithmenos [****..]
Gold:   202        SH:  0    Dex: 15    Spells: 8/19 levels left

rFire   + . .        a - +1 dagger
rCold   . . .        (no shield)
rNeg    . . .        b - +0 robe
rPois   .            (helmet restricted)
rElec   .            (no cloak)
rCorr   .            (gloves unavailable)
SInv    +            (boots unavailable)
Will    +....        (no amulet)
Stlth   +++++++++    d - ring of protection from fire
HPRegen 0.28/turn    (no ring)
MPRegen 0.16/turn

%: no teleportation, random rage (3%)
@: wreathed by umbra, very quick
A: very small, no large weapons, unfitting armour, see invisible, speed 3,
berserk 1, screaming 1
a: Renounce Religion, Shadow Step


You escaped.
You worshipped Dithmenos.
Dithmenos was greatly pleased with you.
You visited 1 branch You collected 1296 gold pieces.
You spent 1094 gold pieces at shops.

Inventory:

Hand Weapons
 a - a +1 dagger (weapon)
Armour
 b - a +0 robe (worn)
Jewellery
 d - a ring of protection from fire (left hand)
Scrolls
 f - a scroll of immolation
 h - a scroll of blinking
 j - 3 scrolls of fear
Potions
 c - a potion of brilliance
 e - a potion of ambrosia
 g - 2 potions of magic


   Skills:
 - Level 5.0 Fighting
 - Level 10.0 Short Blades
 - Level 5.0 Dodging
 - Level 15.0 Stealth
 - Level 5.0 Spellcasting
 + Level 7.8 Conjurations
 - Level 14.0 Hexes
 * Level 13.2 Earth Magic


You had 8 spell levels left.
You knew the following spells:

 Your Spells              Type           Power      Damage    Failure   Level
a - Ensorcelled Hibernat  Hex/Ice        72%        N/A       1%          2
b - Confusing Touch       Hex            61%        N/A       1%          3
c - Dazzling Flash        Conj/Hex       100%       N/A       1%          3
d - Stone Arrow           Conj/Erth      100%       3d13      1%          3

Your spell library contained the following spells:

 Spells                   Type           Power      Damage    Failure   Level
 Tukima's Dance           Hex            61%        N/A       1%          3
 Animate Armour           Summ/Erth      68%        N/A       7%          4
 Lehudib's Crystal Spear  Conj/Erth      25%        10d7      100%        8


Dungeon Overview and Level Annotations

Branches:
Dungeon (1/1)

Altars:
Cheibriados
Dithmenos
Elyvilon
Fedhas
Gozag
Hepliaklqana
Kikubaaqudgha
Makhleb
Nemelex Xobeh
Okawaru
Qazlal
Ru
Sif Muna
Trog
Uskayaw
Vehumet
Wu Jian
Xom
Yredelemnul
Zin
The Shining One
Jiyva
Lugonu

Shops:
D (:!:(?[!(==!([(

Annotations:
D exclusion: oklob plant


Innate Abilities, Weirdness & Mutations

You are very small and have problems with some larger weapons.
You are too small for most types of armour.
You have supernaturally acute eyesight. (SInv)
You cover ground extremely quickly. (Speed+++)
You sometimes lose your temper in combat.
You occasionally shout uncontrollably at your foes.


Message History

Okay, then.
There is an open door here.
You enter the shallow water.
Moving in this stuff is going to be slow.
There is an open door here.
There is an entrance to Vad Kairch's Antique Weapon Emporium here.
Search for what [Enter for "levi", or ? for help]? blink
There is an entrance to Nued's Antique Weapon Shoppe here.
There is an entrance to Haschol's Magic Scroll Shoppe here.
h - a scroll of blinking;
i - a scroll of identify
i - 2 scrolls of identify (gained 1) Thank you for shopping at Haschol's Magic Scroll Shoppe!
Okay, then.
As you read the scroll of identify, it crumbles to dust.
f - a scroll of immolation
As you read the scroll of identify, it crumbles to dust.
c - a potion of brilliance
Okay, then.
Search for what [Enter for "blink", or ? for help]? ide Unknown command.
Unknown command.
Unknown command.
Unknown command.
i - a scroll of identify;
j - 3 scrolls of fear Thank you for shopping at Haschol's Magic Scroll Shoppe!
As you read the scroll of identify, it crumbles to dust.
e - a potion of ambrosia Unknown command.
Search for what [Enter for "ide", or ? for help]? poti The yak bellows!
The slime creature quivers.
There is an entrance to Vad Kairch's Antique Weapon Emporium here.
There is an open door here.
You enter the shallow water.
Moving in this stuff is going to be slow.
There is an open door here.
There is an open door here.
There is a staircase leading out of the dungeon here.
There is a staircase leading out of the dungeon here.
You have escaped!

##########~~#+++#++ ####...^#
#########~~~........ #..'...^#
........#~~~~.##+##..#..####.#
....⌠...#~~~~## #.##.####..'.##.#
...∩.∩..#~~~~#.###.#....#..#...##
..∩.∩.∩.#~~####.#.####..#####..##
.∩.∩.∩.∩#~##.###'###.##..#..'..#.
∩.∩...∩.#~#...##.####.#..#..#..#.
.∩.....∩'~'.#.'.@.'.##'..####..##
........#~#.).##.##...#....###...
▓▓▓▓▓▓###~##.###'###.##......~~~~
$YJ######~~#####.# ###~~.....~#'#
)$Y#$ ##~~~#†.#..#~~~~~~~..~#_.
∩P!+.$ #'#~##.#.##~~~~~~§§.~#._
?J.#h## #†#~~##+##~~~≈≈≈§~§~~#_.
!YJ###≈≈ ####~~~ ~~~§§~§§§§~~~#._
+++#+++#~≈§§§§≈≈~#..


There were no monsters in sight!

Vanquished Creatures
  A deep elf master archer (D)
  2 hell hogs (D)
  3 shining eyes (D)
  A merfolk siren (D)
  2 unseen horrors (D)
  A yaktaur (D)
  A hornet (D)
  3 polar bears (D)
  A blink frog (D)
  2 wyverns (D)
  Menkaure (D)
  A crocodile (D)
  4 scorpions (D)
  3 ribbon worms (D)
26 creatures vanquished.

Notes
Turn   | Place    | Note
-------+----------+-------------------------------------------
     0 | D        | Groucho the Spriggan Enchanter began the quest for the Orb.
     0 | D        | Reached XP level 1. HP: 9/9 MP: 5/5
     3 | D        | Noticed a wyvern
     3 | D        | Noticed a wyvern
    18 | D        | Reached skill level 5 in Stealth
    22 | D        | Noticed a scorpion
    22 | D        | Noticed a scorpion
    24 | D        | Noticed a scorpion
    24 | D        | Noticed a scorpion
    32 | D        | Killed a scorpion
    33 | D        | Reached skill level 6 in Stealth
    33 | D        | Reached skill level 5 in Hexes
    33 | D        | Reached XP level 2. HP: 15/15 MP: 5/8
    33 | D        | Reached XP level 3. HP: 18/18 MP: 6/10
    37 | D        | Killed a scorpion
    38 | D        | Reached skill level 5 in Dodging
    38 | D        | Reached skill level 7 in Stealth
    38 | D        | Reached skill level 5 in Spellcasting
    38 | D        | Reached XP level 4. HP: 25/25 MP: 7/12
    45 | D        | Killed a scorpion
    46 | D        | Reached skill level 5 in Fighting
    46 | D        | Reached skill level 5 in Short Blades
    46 | D        | Reached skill level 9 in Stealth
    46 | D        | Reached XP level 5. HP: 30/30 MP: 7/13
   111 | D        | Reached skill level 12 in Stealth
   117 | D        | Noticed a merfolk siren
   120 | D        | Killed a merfolk siren
   121 | D        | Reached skill level 15 in Stealth
   121 | D        | Reached XP level 6. HP: 35/35 MP: 14/14
   121 | D        | Reached XP level 7. HP: 39/39 MP: 15/15
   128 | D        | Killed a wyvern
   138 | D        | Killed a wyvern
   139 | D        | Reached skill level 10 in Hexes
   150 | D        | Learned a level 2 spell: Ensorcelled Hibernation
   154 | D        | Learned a level 3 spell: Confusing Touch
   158 | D        | Learned a level 3 spell: Dazzling Flash
   158 | D        | Found Nued's Antique Weapon Shoppe.
   158 | D        | Found Zuystrian's Antique Armour Shoppe.
   158 | D        | Found Surit's Jewellery Emporium.
   158 | D        | Found Mure's Distillery.
   158 | D        | Found Imparu's Weapon Shoppe.
   158 | D        | Found Ixedwai's Jewellery Shoppe.
   159 | D        | Found Qarill's Distillery.
   159 | D        | Found Cof Epp's Antique Armour Emporium.
   160 | D        | Found Haschol's Magic Scroll Shoppe.
   160 | D        | Found Vad Kairch's Antique Weapon Emporium.
   160 | D        | Found Vopseh's Weapon Emporium.
   160 | D        | Noticed Menkaure
   160 | D        | Noticed a yak
   160 | D        | Noticed a yak
   187 | D        | Killed Menkaure
   188 | D        | Reached skill level 10 in Short Blades
   190 | D        | Noticed a slime creature
   190 | D        | Found Motel's Book Shoppe.
   190 | D        | Found Wotzoch's Distillery.
   190 | D        | Noticed an oklob plant
   190 | D        | Noticed a slime creature
   191 | D        | Found Roegi's Antique Weapon Emporium.
   191 | D        | Found Pefret's Book Shoppe.
   191 | D        | Noticed a yak
   196 | D        | Noticed a slime creature
   215 | D        | Noticed a polar bear
   227 | D        | Bought a potion of enlightenment for 70 gold pieces
   230 | D        | Bought a ring of protection from fire for 250 gold pieces
   235 | D        | Bought a book of Armaments for 468 gold pieces
   239 | D        | Learned a level 3 spell: Stone Arrow
   267 | D        | Found an iron altar of Okawaru.
   267 | D        | Found an opulent altar of Gozag.
   268 | D        | Found a sparkling altar of Nemelex Xobeh.
   268 | D        | Found a blossoming altar of Fedhas.
   269 | D        | Found a radiant altar of Vehumet.
   269 | D        | Found a burning altar of Makhleb.
   269 | D        | Found a white marble altar of Elyvilon.
   270 | D        | Found a hide-covered altar of Uskayaw.
   270 | D        | Found a corrupted altar of Lugonu.
   270 | D        | Found a shadowy altar of Dithmenos.
   271 | D        | Found a glowing silver altar of Zin.
   271 | D        | Found a bloodstained altar of Trog.
   271 | D        | Found an ancient bone altar of Kikubaaqudgha.
   271 | D        | Found a snail-covered altar of Cheibriados.
   272 | D        | Found a basalt altar of Yredelemnul.
   272 | D        | Found a shimmering blue altar of Sif Muna.
   272 | D        | Found a viscous altar of Jiyva.
   273 | D        | Found a shimmering altar of Xom.
   273 | D        | Found a sacrificial altar of Ru.
   275 | D        | Found a glowing golden altar of the Shining One.
   275 | D        | Found an ornate altar of the Wu Jian Council.
   275 | D        | Found a stormy altar of Qazlal.
   275 | D        | Found a hazy altar of Hepliaklqana.
   282 | D        | Became a worshipper of Dithmenos the Shadowed
   295 | D        | Noticed an unseen horror
   296 | D        | Noticed an unseen horror
   297 | D        | Killed an unseen horror
   298 | D        | Reached XP level 8. HP: 43/43 MP: 14/16
   299 | D        | Killed an unseen horror
   299 | D        | Reached * piety under Dithmenos
   300 | D        | Reached skill level 5 in Earth Magic
   307 | D        | Noticed a shining eye
   307 | D        | Noticed a shining eye
   307 | D        | Gained mutation: You occasionally shout uncontrollably at
                  | your foes. [a shining eye]
   308 | D        | Noticed a shining eye
   316 | D        | Killed a shining eye
   318 | D        | Gained mutation: You sometimes lose your temper in combat.
                  | [a shining eye]
   321 | D        | Killed a shining eye
   322 | D        | Reached XP level 9. HP: 47/47 MP: 7/17
   333 | D        | Killed a shining eye
   333 | D        | Reached ** piety under Dithmenos
   334 | D        | Reached skill level 5 in Conjurations
   433 | D        | Noticed a deep elf master archer
   436 | D        | Killed a deep elf master archer
   437 | D        | Reached skill level 10 in Earth Magic
   441 | D        | Noticed a hell hog
   441 | D        | Noticed a hell hog
   452 | D        | Killed a hell hog
   453 | D        | Reached XP level 10. HP: 11/51 MP: 10/18
   455 | D        | Killed a hell hog
   455 | D        | Reached *** piety under Dithmenos
   731 | D        | Reached **** piety under Dithmenos
   816 | D        | Bought a scroll of blinking for 90 gold pieces
   816 | D        | Bought a scroll of identify for 24 gold pieces
   816 | D        | Bought a scroll of identify for 24 gold pieces
   818 | D        | Bought a scroll of identify for 24 gold pieces
   818 | D        | Bought 3 scrolls of fear for 144 gold pieces
   836 | D        | Got out of the dungeon alive.

Illustrated notes

Levels and vault maps discovered:
D:        the_violet_keep_of_menkaure [sprint2_stairs_cluster_1,
          sprint2_shoproom, sprint2_temple, sprint2_basic_supplies,
          sprint2_obstacle_1, sprint2_obstacle_5, sprint2_obstacle_7,
          sprint2_obstacle_4, sprint2_obstacle_3, sprint2_timed_cluster_1,
          sprint2_smallroom_cluster_1, sprint2_smallroom_final_cluster_1,
          sprint2_transparent_cluster_1, sprint2_second_timed_cluster_1,
          sprint2_sniper_area_1, sprint2_heavy_combat_area_1,
          sprint2_mutation_trap_area_1, sprint2_forest_area_1,
          sprint2_light_combat_area_1, sprint2_behind_water_1,
          sprint2_near_end_vault_1]

Skill      XL: |  1  2  3  4  5  6  7  8  9 10 |
---------------+-------------------------------+-----
Dodging        | 4 5 |  5.0
Spellcasting   | 4 5 |  5.0
Stealth        | 6 7 9 15 | 15.0
Hexes          | 5 7 11 12 14 | 14.0
Fighting       | 2 3 5 |  5.0
Short Blades   | 3 4 5 7 10 | 10.0
Conjurations   | 2 4 6 7 |  7.8
Earth Magic    | 3 7 11 13 | 13.2

Action                     |  1- 3 |  4- 6 |  7- 9 | 10-12 || total
---------------------------+-------+-------+-------+-------++-------
  Melee: Dagger            |    16 |    10 |    39 |     8 ||    73
   Cast: Confusing Touch   |       |       |     2 |       ||     2
         Ensorcelled Hiber |       |       |     2 |       ||     2
         Dazzling Flash    |       |       |     6 |       ||     6
    Use: Potion            |     4 |     1 |     2 |       ||     7
         Scroll            |       |       |       |     4 ||     4
   Stab: Invisible         |     4 |     1 |     8 |       ||    13
         Sleeping          |     1 |     2 |     7 |     6 ||    16
         Confused          |       |       |     1 |     2 ||     3
 Armour: Robe              |     2 |     2 |     4 |       ||     8
  Dodge: Dodged            |     7 |     2 |     9 |       ||    18
